 Dungeon Crawl Stone Soup version 0.24.0-125-gc4c63601f3 (webtiles) character file.

Game seed: 3385303022738861279, levelgen mode: deterministic

207 Peloso the Shield-Bearer (level 5, -3/47 HPs)
             Began as a Minotaur Fighter on Mar 10, 2020.
             Killed by nerve-wracking pain
             ... invoked by an orc priest
              (11 damage)
             ... on level 3 of the Dungeon.
             The game lasted 00:05:09 (2249 turns).

Peloso the Shield-Bearer (Minotaur Fighter)         Turns: 2249, Time: 00:05:10

Health: -3/47      AC: 13    Str: 24    XL:     5   Next: 54%
Magic:  4/4        EV:  6    Int:  5    God:
Gold:   88         SH: 10    Dex: 10    Spells: 4/4 levels left

rFire    x . .     SeeInvis .   a - +0 long sword
rCold    + . .     Gourm    .   c - +0 shield
rNeg     . . .     Faith    .   n - +3 chain mail
rPois    .         Spirit   .   (helmet restricted)
rElec    .         Reflect  .   (no cloak)
rCorr    .         Harm     .   (no gloves)
MR       .....                  s - +0 pair of boots
Stlth    ..........             (no amulet)
HPRegen  0.15/turn              m - +3 ring of strength
MPRegen  0.09/turn              i - ring of ice

@: lightly drained
A: retaliatory headbutt, horns 2
a: no special abilities


You were on level 3 of the Dungeon.
You were not hungry.

You visited 1 branch of the dungeon, and saw 3 of its levels.

You collected 88 gold pieces.

Inventory:

Hand Weapons
 a - a +0 long sword (weapon)
Armour
 b - a +0 scale mail
 c - a +0 shield (worn)
 n - a +3 chain mail (worn)
 s - a +0 pair of boots (worn)
Jewellery
 i - a ring of ice (right hand)
 m - a +3 ring of strength (left hand)
Scrolls
 g - a scroll of magic mapping {unknown}
 h - 3 scrolls of identify {unknown}
 l - a scroll of amnesia {unknown}
 o - 2 scrolls of teleportation {unknown}
 p - 2 scrolls of remove curse {unknown}
 q - 2 scrolls of noise {unknown}
Potions
 d - a potion of might
 e - a potion of flight {unknown}
Comestibles
 f - 5 rations


   Skills:
 + Level 4.5(4.0) Fighting
 + Level 4.0(3.6) Long Blades
 + Level 4.9(4.4) Armour
 + Level 1.0(0.6) Dodging
 + Level 0.2(0.0) Stealth
 + Level 5.0(4.5) Shields


You had 4 spell levels left.
You didn't know any spells.
Your spell library was empty.

Dungeon Overview and Level Annotations

Branches:
Dungeon (3/15)

Altars:
Cheibriados


Innate Abilities, Weirdness & Mutations

You reflexively headbutt those who attack you in melee.
You have a pair of horns on your head.


Message History

The orc priest hits you but does no damage.
You feel drained.
You hit the orc priest but do no damage.
The orc priest is heavily wounded.
The orc priest hits you but does no damage.
You feel drained.
Unknown command.
You hit the orc priest but do no damage.
You headbutt the orc priest, but do no damage.
The orc priest is heavily wounded.
The orc priest invokes the aid of Beogh against you.
Pain shoots through your body!
* * * LOW HITPOINT WARNING * * *
You block the orc priest's attack.
You barely miss the orc priest. You headbutt the orc priest.
The orc priest is severely wounded.
A kobold comes into view. It is wielding a +0 dagger.
The orc priest invokes the aid of Beogh against you.
Pain shoots through your body!
You die...

#.#
#.########
##.........
##...#######
#####.....#
.........##
######.##
#.# #@# #o#


oo. ..... ....... ......... '.......... ##.........#. You could see an orc
priest and 2 orcs.

Vanquished Creatures
  An orc priest (D:3)
  A worker ant (D:2)
  An orc wizard (D:3)
  2 adders (D:2)
  A worm (D:2)
  3 dart slugs
  2 leopard geckos
  5 orcs (D:3)
  4 giant cockroaches
  13 goblins
  10 hobgoblins
  7 jackals
  12 kobolds
  15 bats
  5 frilled lizards
  10 rats
92 creatures vanquished.

Notes
Turn   | Place    | Note
-------+----------+-------------------------------------------
     0 | D:1      | Peloso the Minotaur Fighter began the quest for the Orb.
     0 | D:1      | Reached XP level 1. HP: 19/19 MP: 0/0
    73 | D:1      | Reached XP level 2. HP: 22/27 MP: 1/1
    77 | D:1      | Reached skill level 4 in Shields
   330 | D:1      | Reached XP level 3. HP: 33/33 MP: 2/2
   841 | D:2      | Reached XP level 4. HP: 29/40 MP: 3/3
  1695 | D:3      | Reached skill level 1 in Dodging
  1695 | D:3      | Reached XP level 5. HP: 14/47 MP: 4/4
  2131 | D:3      | Found a snail-covered altar of Cheibriados.
  2245 | D:3      | Reached skill level 5 in Shields
  2249 | D:3      | Killed from afar by an orc priest

Levels and vault maps discovered:
D:1:      dpeg_arrival_arbitrary_b, layout_loops_ring, hex_large,
          minmay_pentomino_z4
D:2:      layout_basic, kennysheep_generic_room_7
D:3:      layout_loops_corners, chequers_temple_overflow_statue_of_worship,
          lemuel_tele_altar

Skill      XL: |  1  2  3  4  5 |
---------------+----------------+-----
Shields        | 4 5 |  5.0
Armour         | 4 |  4.9
Fighting       | 4 |  4.5
Long Blades    | 3 4 |  4.0
Dodging        | 1 |  1.0
Stealth        | |  0.2

Action                   |  1- 3 |  4- 6 || total
-------------------------+-------+-------++-------
Melee: Long sword        |   112 |   136 ||   248
       Headbutt          |    10 |    19 ||    29
  Use: Potion            |       |     5 ||     5
  Eat: Chunk             |       |     5 ||     5
Armor: Scale mail        |    25 |       ||    25
       Chain mail        |    53 |    78 ||   131
Dodge: Dodged            |    43 |    26 ||    69
Block: Shield            |    79 |    66 ||   145
       Rpst.: Long sword |     9 |     5 ||    14
